[Event "Titled Tuesday Blitz March 01 Early 2022"]
[White "Sarana, Alexey"]
[Black "Szpar, Milosz"]
[WhiteFideId "24133795"]
[BlackFideId "1184989"]
[WhiteElo "2665"]
[BlackElo "2447"]
[Result "1-0"]
[Round "11"]
[TimeControl "180+1"]
[Date "2022.03.01"]
[WhiteClock "0:00:06"]
[BlackClock "0:00:10"]

1. d4 d5 2. c4 e6 3. Nc3 c6 4. g3 Nf6 5. Bg2 Be7 6. Nf3 O-O 7. O-O Nbd7 8. Qd3 b6 9. e4 Ba6 10. b3 dxc4 11. bxc4 e5 12. Ne2 Bd6 13. Qc2 Re8 14. Rd1 Qc7 15. Bb2 Rad8 16. Rac1 Qb8 17. Qa4 Bb7 18. dxe5 Nxe5 19. Nxe5 Bxe5 20. Bxe5 Rxe5 21. Rxd8+ Qxd8 22. Qxa7 Bc8 23. Qb8 Ra5 24. Nc3 Nd7 25. Qd6 Rc5 26. Na4 Ra5 27. Nc3 Rc5 28. Rd1 Qe8 29. Qc7 Rxc4 30. Ne2 h6 31. Nf4 c5 32. Nd5 Kh8 33. Nxb6 Rd4 34. Rxd4 cxd4 35. Qxc8 1-0


[Site "https://www.chess.com"]

[Event "Titled Tuesday Blitz March 01 Early 2022"]
[White "Sargsyan, Anna M."]
[Black "Dolzhykova, Kateryna"]
[WhiteFideId "13308130"]
[BlackFideId "14113414"]
[WhiteElo "2271"]
[BlackElo "2165"]
[Result "0-1"]
[Round "11"]
[TimeControl "180+1"]
[Date "2022.03.01"]
[WhiteClock "0:00:07"]
[BlackClock "0:00:07"]

1. d4 Nf6 2. c4 e6 3. Nf3 d5 4. Nc3 Be7 5. Bf4 O-O 6. e3 c6 7. Qc2 b6 8. cxd5 cxd5 9. Bd3 Ba6 10. Bxa6 Nxa6 11. a3 Nh5 12. Be5 f6 13. Bg3 Nxg3 14. hxg3 g6 15. Ne2 Bd6 16. Qd3 Nc7 17. Rc1 Rc8 18. O-O Qd7 19. Rc3 Nb5 20. Rb3 Rc4 21. Nd2 Rfc8 22. Nf4 a6 23. Qe2 Bxf4 24. gxf4 Rc2 25. Qd3 R8c6 26. g3 Nd6 27. Kg2 b5 28. Rh1 Kg7 29. a4 Rc1 30. Rxb5 axb5 31. axb5 Rc8 32. Rxc1 Rxc1 33. Nb3 Rc4 34. Nc5 Qxb5 35. Nxe6+ Kf7 36. f5 Nxf5 37. Nf4 Rb4 38. Qa3 Rxb2 39. Qa7+ Qb7 40. Qc5 Rb5 41. Qc3 g5 42. Nh5 Kg6 43. g4 Nd6 44. Qd3+ Ne4 45. f3 Rb2+ 46. Kh3 Qb3 47. Qxb3 Rxb3 48. fxe4 Rxe3+ 49. Kg2 Rxe4 50. Kf3 Rxd4 51. Kg3 Rxg4+ 52. Kxg4 f5+ 0-1


[Site "https://www.chess.com"]

[Event "Titled Tuesday Blitz March 01 Early 2022"]
[White "Sarkar, Justin"]
[Black "Derraugh, Geordie"]
[WhiteFideId "2010011"]
[BlackFideId "2603950"]
[WhiteElo "2038"]
[BlackElo "2116"]
[Result "1/2-1/2"]
[Round "11"]
[TimeControl "180+1"]
[Date "2022.03.01"]
[WhiteClock "0:00:02"]
[BlackClock "0:00:02"]

1. e4 c5 2. Nf3 d6 3. d4 cxd4 4. Nxd4 Nf6 5. Nc3 a6 6. Bg5 e6 7. Qd3 Qc7 8. Be2 Nbd7 9. f4 b5 10. O-O-O Nc5 11. Qe3 b4 12. e5 bxc3 13. exf6 cxb2+ 14. Kb1 Bb7 15. fxg7 Bxg7 16. Nf5 Bf8 17. Qd4 exf5 18. Qxh8 Na4 19. Bf6 Be4 20. Bd3 Nc5 21. Rhe1 Rc8 22. Bxb2 Kd7 23. Qf6 Be7 24. Qxf7 Rb8 25. Bxe4 fxe4 26. Qf5+ Ke8 27. Qh5+ Kd8 28. Ka1 Qb6 29. Rb1 Qc6 30. Bc3 Rxb1+ 31. Rxb1 Na4 32. Bb2 Qxc2 33. Qxh7 Nxb2 34. Qg8+ Kd7 35. Qg4+ Kd8 36. Qg8+ Kc7 37. Qe6 Kd8 38. Qg8+ 1/2-1/2


[Site "https://www.chess.com"]

[Event "Titled Tuesday Blitz March 01 Early 2022"]
[White "Selkirk, Rebecca"]
[Black "Yushko, Olga"]
[WhiteFideId "14306514"]
[BlackFideId "14114500"]
[WhiteElo "1649"]
[BlackElo "2028"]
[Result "0-1"]
[Round "11"]
[TimeControl "180+1"]
[Date "2022.03.01"]
[WhiteClock "0:01:20"]
[BlackClock "0:01:18"]

1. e4 d6 2. d3 e5 3. Nc3 f5 4. Nf3 Nf6 5. Bg5 Be7 6. Be2 O-O 7. exf5 Bxf5 8. Qd2 Nc6 9. O-O-O Qe8 10. Nh4 Be6 11. f3 Nd4 12. g4 Nxe2+ 13. Qxe2 h6 14. Bd2 Nxg4 15. fxg4 Bxh4 16. g5 Bxg5 17. Bxg5 hxg5 18. Rdg1 g4 19. Ne4 Qh5 20. h3 Qh6+ 21. Kb1 gxh3 22. Rg3 Rf7 23. Ng5 Rf6 24. Nxe6 Rxe6 25. Rgxh3 Qg5 26. Rh8+ Kf7 27. Rf1+ Rf6 28. Rxa8 Ke7 29. Rxf6 gxf6 30. a3 c6 31. Rxa7 Qg1+ 32. Ka2 Qxa7 33. Qh5 Qb6 34. Qh7+ Ke6 35. Qg8+ Kf5 36. Qh7+ Kf4 37. Qe4+ Kg5 38. Qg2+ Kf5 39. Qf3+ Ke6 40. Qg4+ Ke7 41. Qg7+ Ke6 42. Qg4+ Kf7 43. Qd7+ Kg6 44. Qg4+ Kh6 45. Qh4+ Kg7 46. Qg4+ Kf8 47. Qc8+ Ke7 48. Qg8 f5 49. Qg7+ Kd8 50. Qf6+ Kc7 51. Qxf5 Qc5 52. Qf7+ Kb6 53. Qb3+ Ka7 54. Qa4+ Kb8 55. Qb3 d5 56. Kb1 Qg1+ 57. Ka2 Qd4 58. Kb1 Kc7 59. Qb4 Qxb4 60. axb4 Kb6 61. Kc1 Kb5 62. c3 Ka4 63. Kc2 e4 64. d4 e3 65. Kd3 Kb3 66. Kxe3 Kxb2 67. c4 dxc4 68. b5 c3 69. bxc6 bxc6 70. Ke4 c2 71. Ke5 c1=Q 72. Kd6 Qc4 0-1


[Site "https://www.chess.com"]

[Event "Titled Tuesday Blitz March 01 Early 2022"]
[White "Seo, Jung Min"]
[Black "Kirillov, Dmitry"]
[WhiteFideId "1734687"]
[BlackFideId "34180572"]
[WhiteElo "2401"]
[BlackElo "2076"]
[Result "1-0"]
[Round "11"]
[TimeControl "180+1"]
[Date "2022.03.01"]
[WhiteClock "0:02:31"]
[BlackClock "0:02:04"]

1. d4 Nf6 2. c4 e6 3. Nf3 b6 4. g3 c6 5. Bg2 d5 6. O-O Be7 7. b3 O-O 8. Bb2 a5 9. Nbd2 Ba6 10. Qc2 b5 11. c5 b4 12. Rfe1 Nbd7 13. a3 Bb5 14. e4 dxe4 15. Nxe4 Nxe4 16. Qxe4 Nf6 17. Qc2 Qc7 18. Ne5 Rad8 19. a4 Ba6 20. Nxc6 Rc8 21. d5 1-0


[Site "https://www.chess.com"]

[Event "Titled Tuesday Blitz March 01 Early 2022"]
[White "Shtyka, Sergey"]
[Black "Samant Aditya S"]
[WhiteFideId "4138465"]
[BlackFideId "35080580"]
[WhiteElo "2014"]
[BlackElo "1916"]
[Result "0-1"]
[Round "11"]
[TimeControl "180+1"]
[Date "2022.03.01"]
[WhiteClock "0:00:05"]
[BlackClock "0:00:04"]

1. e4 c5 2. Nf3 d6 3. d4 cxd4 4. Nxd4 Nf6 5. Nc3 Nc6 6. Bc4 e6 7. Be3 a6 8. O-O Qc7 9. Bd3 Be7 10. f4 O-O 11. Qf3 Nb4 12. a3 Nxd3 13. cxd3 b5 14. Rac1 Qb7 15. Rc2 Bd7 16. Rfc1 Rac8 17. b4 Rc7 18. e5 Qxf3 19. gxf3 Rxc3 20. Rxc3 Nd5 21. Rc7 Nxc7 22. Rxc7 Rd8 23. Ra7 Kf8 24. Rxa6 dxe5 25. fxe5 Rc8 26. Rb6 Bd8 27. Rb7 Be8 28. Kf2 Bc7 29. f4 Bd8 30. Ke2 h6 31. Kd2 g5 32. fxg5 hxg5 33. Nb3 Bc6 34. Bc5+ Kg7 35. Ra7 Bc7 36. d4 Bd5 37. Nc1 Bb8 38. Rd7 Rh8 39. Bd6 Rxh2+ 40. Kc3 Rh3+ 41. Kb2 Ba7 42. Bc5 Rh2+ 43. Kc3 Bb8 44. Bd6 Rh3+ 45. Kb2 Bxd6 46. exd6 Kf6 47. Rd8 g4 48. Rg8 Bc6 49. Rxg4 Rh2+ 50. Kc3 Rh3+ 51. Kb2 e5 52. dxe5+ Kxe5 53. Rg7 Rf3 54. Nb3 Bd5 55. Nc5 Rf2+ 56. Kc3 Kxd6 57. Rh7 Rf3+ 58. Kb2 Rf2+ 59. Kc3 Rf3+ 60. Kb2 Ke5 61. Rh5+ f5 62. Rh8 Kd4 63. Rd8 Rf2+ 64. Kc1 Kc4 65. Nd7 Be4 66. Nb6+ Kc3 67. Rc8+ Kd3 68. Kb1 Ke3+ 69. Ka1 f4 70. Nd5+ Bxd5 71. Rc1 Be4 72. a4 bxa4 73. b5 Rd2 74. b6 Rd7 75. b7 Rxb7 76. Re1+ Kf3 77. Rf1+ Kg3 78. Rg1+ Kf2 79. Rc1 Rb1+ 0-1


[Site "https://www.chess.com"]

[Event "Titled Tuesday Blitz March 01 Early 2022"]
[White "Shubenkova, Veronika"]
[Black "Yang, Kaiqi"]
[WhiteFideId "44124040"]
[BlackFideId "8604398"]
[WhiteElo "1938"]
[BlackElo "2373"]
[Result "0-1"]
[Round "11"]
[TimeControl "180+1"]
[Date "2022.03.01"]
[WhiteClock "0:00:03"]
[BlackClock "0:00:12"]

1. e4 c5 2. Nc3 Nc6 3. g3 g6 4. Bg2 Bg7 5. d3 e6 6. f4 Nge7 7. Nf3 d5 8. e5 b6 9. O-O Bb7 10. Qe2 O-O 11. Nb5 Ba6 12. Nd6 Nc8 13. Nxc8 Rxc8 14. c3 b5 15. a3 Bb7 16. Be3 d4 17. Bf2 dxc3 18. bxc3 Ne7 19. d4 c4 20. Rfb1 Qd7 21. Qc2 Bd5 22. Nd2 Bxg2 23. Kxg2 a6 24. Ne4 Qd5 25. Kg1 Rfd8 26. a4 Rb8 27. Nc5 Rb6 28. axb5 axb5 29. Ra5 Rdb8 30. Ra7 Nc6 31. Rc7 b4 32. Nd7 b3 33. Qe2 R6b7 34. Rxb7 Rxb7 35. Nc5 Ra7 36. Qe4 Bf8 37. Qe1 Bxc5 38. dxc5 Ra2 39. Ra1 Rxa1 40. Qxa1 h5 41. Qa8+ Kg7 42. Qb7 Nxe5 43. Qxd5 exd5 44. fxe5 b2 45. Bd4 b1=Q+ 46. Kg2 Qe4+ 47. Kh3 g5 48. c6 Qf3 0-1


[Site "https://www.chess.com"]

[Event "Titled Tuesday Blitz March 01 Early 2022"]
[White "Shukhman, Anna"]
[Black "Tanenbaum, Zachary"]
[WhiteFideId "54180058"]
[BlackFideId "2060850"]
[WhiteElo "1628"]
[BlackElo "2168"]
[Result "0-1"]
[Round "11"]
[TimeControl "180+1"]
[Date "2022.03.01"]
[WhiteClock "0:01:02"]
[BlackClock "0:00:41"]

1. e4 e5 2. Nf3 Nc6 3. Bb5 a6 4. Ba4 d6 5. d4 b5 6. Bb3 Nxd4 7. Nxd4 exd4 8. Bd5 Rb8 9. Qxd4 Nf6 10. Bg5 Be7 11. h4 h6 12. Be3 O-O 13. Nc3 Ng4 14. Bf4 Bxh4 15. g3 Bf6 16. Qd2 Be6 17. f3 Ne5 18. Kf2 c6 19. Bxe6 fxe6 20. Kg2 Nc4 21. Qc1 Bd4 22. Ne2 Bxb2 23. Qd1 Rxf4 0-1


[Site "https://www.chess.com"]

[Event "Titled Tuesday Blitz March 01 Early 2022"]
[White "Shvedova, Alexandra"]
[Black "Ooi, Zhi Yang"]
[WhiteFideId "54154782"]
[BlackFideId "5709270"]
[WhiteElo "1920"]
[BlackElo "1802"]
[Result "0-1"]
[Round "11"]
[TimeControl "180+1"]
[Date "2022.03.01"]
[WhiteClock "0:00:27"]
[BlackClock "0:00:58"]

1. e4 c6 2. d4 d5 3. e5 Bf5 4. h4 h5 5. Bd3 Bxd3 6. Qxd3 e6 7. Nf3 Ne7 8. Bg5 Nd7 9. Nbd2 Qb6 10. O-O c5 11. c3 Nc6 12. dxc5 Nxc5 13. Qc2 Be7 14. Bxe7 Nxe7 15. b4 Nd7 16. Qd3 Rc8 17. Rfe1 O-O 18. Ng5 Nf5 19. Ndf3 Rc6 20. Nd4 g6 21. Nxc6 Qxc6 22. Nf3 Rc8 23. Rac1 Qa4 24. Nd4 Nxh4 25. Qg3 Nf5 26. Nxf5 exf5 27. e6 Nf6 28. exf7+ Kxf7 29. Qe5 Qd7 30. f3 h4 31. Qd4 h3 32. gxh3 Rc4 33. Qxa7 Rh4 34. Kh2 Qc7+ 35. Kg2 Nh5 36. Qc5 Qg3+ 37. Kf1 Qxf3+ 38. Kg1 Qg3+ 39. Kf1 Rf4+ 40. Ke2 Re4+ 41. Kd2 Qg2+ 42. Kd3 Nf4# 0-1


[Site "https://www.chess.com"]

[Event "Titled Tuesday Blitz March 01 Early 2022"]
[White "Sikorova, Olga"]
[Black "Manelyuk, Daniil"]
[WhiteFideId "307033"]
[BlackFideId "44173920"]
[WhiteElo "2187"]
[BlackElo "2222"]
[Result "0-1"]
[Round "11"]
[TimeControl "180+1"]
[Date "2022.03.01"]
[WhiteClock "0:00:17"]
[BlackClock "0:00:32"]

1. c4 Nf6 2. g3 e6 3. Bg2 d5 4. Nf3 Be7 5. b3 O-O 6. Bb2 c5 7. O-O d4 8. e3 Nc6 9. exd4 cxd4 10. Re1 Qd6 11. a3 e5 12. d3 Bg4 13. h3 Bh5 14. Nbd2 Nd7 15. b4 f5 16. c5 Qg6 17. Qb3+ Kh8 18. b5 Na5 19. Qd5 Rad8 20. c6 Nb6 21. Qxe5 Bf6 22. Qc5 Bxf3 23. Nxf3 Nb3 24. Qb4 Nxa1 25. Bxa1 Nd5 26. Qa5 b6 27. Qxa7 Ra8 28. Qd7 Rfd8 29. Qe6 Nc7 30. Qe2 Nxb5 31. Ne5 Bxe5 32. Qxe5 Re8 33. Qxb5 Rxe1+ 34. Kh2 Rxa1 35. Qxb6 f4 36. c7 fxg3+ 37. fxg3 Qxb6 0-1


[Site "https://www.chess.com"]

[Event "Titled Tuesday Blitz March 01 Early 2022"]
[White "Silva, Miguel Antonio Neto"]
[Black "Weetik, Vjacheslav"]
[WhiteFideId "1911929"]
[BlackFideId "4153472"]
[WhiteElo "2204"]
[BlackElo "2469"]
[Result "1-0"]
[Round "11"]
[TimeControl "180+1"]
[Date "2022.03.01"]
[WhiteClock "0:00:30"]
[BlackClock "0:00:01"]

1. e4 c6 2. d4 d5 3. e5 Bf5 4. h4 Qb6 5. g4 Bd7 6. Nc3 h5 7. gxh5 Bf5 8. Nge2 Bg4 9. Qd3 e6 10. Bh3 Bxh5 11. Nf4 Ne7 12. Nxh5 Rxh5 13. Bg5 Nd7 14. O-O-O O-O-O 15. Qf3 Rxg5 16. hxg5 c5 17. Qxf7 cxd4 18. Ne2 Nxe5 19. Qxe6+ Qxe6 20. Bxe6+ Kb8 21. Nxd4 N7g6 22. Bf5 Nf4 23. Rh8 Kc7 24. Ne6+ Nxe6 25. Bxe6 d4 26. f4 Ng6 27. Rh2 Nxf4 28. Bf5 Be7 29. Rh7 Rd5 30. Rxg7 Kd6 31. Be4 Rxg5 32. Rxg5 Bxg5 33. Bxb7 Kc5 34. Kb1 Ne6 35. a3 a5 36. Re1 Be3 37. Rh1 Ng5 38. Bg2 Kd6 39. Ka2 Kc5 40. Kb3 Ne6 41. Rh5+ Kb6 42. Kc4 Nf4 43. Rb5+ Kc7 44. Be4 a4 45. Ra5 Kd6 46. b4 Bc1 47. Rxa4 Ke5 48. Bd3 Ng2 49. Ra5+ Kf4 50. Kxd4 Bb2+ 51. Kc4 Ne3+ 52. Kb3 Bc1 53. a4 Nd1 54. Rf5+ Ke3 55. b5 Kd2 56. b6 Ne3 57. Rf2+ 1-0


[Site "https://www.chess.com"]

[Event "Titled Tuesday Blitz March 01 Early 2022"]
[White "Siva Mahadevan"]
[Black "Rodchenkov, Sergey D."]
[WhiteFideId "25043153"]
[BlackFideId "4168712"]
[WhiteElo "2203"]
[BlackElo "2306"]
[Result "1-0"]
[Round "11"]
[TimeControl "180+1"]
[Date "2022.03.01"]
[WhiteClock "0:00:18"]
[BlackClock "0:00:06"]

1. e4 c5 2. Nf3 d6 3. d4 cxd4 4. Nxd4 Nf6 5. Nc3 a6 6. Bg5 e6 7. f4 h6 8. Bh4 Qb6 9. Qd2 Qxb2 10. Rb1 Qa3 11. e5 dxe5 12. fxe5 Nfd7 13. Ne4 Qxa2 14. Rd1 Qd5 15. Qe3 Qxe5 16. c3 Be7 17. Bg3 Qa5 18. Nd6+ Bxd6 19. Bxd6 Nf6 20. Be2 Nc6 21. Nxc6 bxc6 22. Bb4 Qg5 23. Qb6 Bd7 24. Bf3 Nd5 25. Bxd5 cxd5 26. O-O a5 27. Ba3 Rc8 28. Rd3 Qe5 29. Bd6 Qe4 30. Rg3 g6 31. Re3 Qc4 32. Qxa5 f5 33. Qa7 Qa4 34. Rxe6+ Kd8 35. Be7+ Ke8 36. Bf6+ Kf8 37. Qxa4 Bxa4 1-0


[Site "https://www.chess.com"]

[Event "Titled Tuesday Blitz March 01 Early 2022"]
[White "Sliwicki, Damian"]
[Black "Prado Lobo, Jonas"]
[WhiteFideId "1127128"]
[BlackFideId "32050666"]
[WhiteElo "2084"]
[BlackElo "2199"]
[Result "1-0"]
[Round "11"]
[TimeControl "180+1"]
[Date "2022.03.01"]
[WhiteClock "0:00:55"]
[BlackClock "0:00:39"]

1. e4 e6 2. d4 d5 3. Nc3 Nf6 4. Bg5 dxe4 5. Bxf6 gxf6 6. Nxe4 f5 7. Ng3 b6 8. Nf3 Bb7 9. Bb5+ c6 10. Ba4 Nd7 11. Qe2 Qc7 12. Nxf5 O-O-O 13. Ne3 Bh6 14. c3 Rhg8 15. Bc2 Rg7 16. O-O-O Rxg2 17. Kb1 Rg7 18. Rhg1 Rdg8 19. Rg3 c5 20. Bxh7 Rxg3 21. hxg3 Rh8 22. Bd3 Bg7 23. Ba6 Kb8 24. Bxb7 Qxb7 25. d5 Re8 26. dxe6 Rxe6 27. Qd3 Kc8 28. Nc4 Bf8 29. Nfe5 Re7 30. Nd6+ Kc7 31. Nxb7 Nxe5 32. Qd8+ Kxb7 33. Qxf8 Rc7 34. Qd6 Nc4 35. Qd5+ Ka6 36. Qxc4+ b5 37. Qd5 Rb7 38. Qxb7+ Kxb7 39. Rd7+ Kc6 40. Rxf7 a5 41. Rf4 b4 42. cxb4 Kb5 43. b3 a4 44. Kc2 a3 45. bxc5 Kxc5 46. Ra4 Kb5 47. Rxa3 Kb4 48. Ra4+ Kb5 49. Rf4 Kc5 50. a4 Kd5 51. Kd3 Ke5 52. Ke3 Kd5 53. Kf3 Kd6 54. Kg2 Ke5 55. Kh1 Kd5 56. Kg1 Kc6 57. Kf1 Kc5 58. Ke1 Kd6 59. Kd1 Kd5 60. Kc1 Kc6 61. Kb1 Kd5 62. Ka1 Kc6 63. Kb2 Kd6 64. Ka2 Kc5 65. Ka3 Kc6 66. Kb2 Kd6 67. Kc3 Kd5 68. Kd2 Kc5 69. Ke3 Kc6 70. Kf3 Kd6 71. Kg4 Kc5 72. Kh4 Kc6 73. g4 Kd6 74. Kg3 Kd5 75. f3 Kc5 76. Rf5+ Kc6 77. g5 Kd6 78. Kg4 Kc6 79. g6 Kc7 80. g7 Kd7 81. g8=Q Kd6 82. Qg6+ Ke7 83. Rf7+ Ke8 84. Qg8# 1-0


[Site "https://www.chess.com"]

[Event "Titled Tuesday Blitz March 01 Early 2022"]
[White "Suleymanli, Aydin"]
[Black "Tomiello, Mateus Costamilan"]
[WhiteFideId "13413937"]
[BlackFideId "22701958"]
[WhiteElo "2529"]
[BlackElo "1975"]
[Result "0-1"]
[Round "11"]
[TimeControl "180+1"]
[Date "2022.03.01"]
[WhiteClock "0:00:24"]
[BlackClock "0:00:18"]

1. e4 e5 2. Nf3 Nc6 3. Bc4 Nf6 4. d3 Bc5 5. h3 d6 6. c3 a6 7. a4 h6 8. Nbd2 O-O 9. Nf1 Be6 10. Bb3 d5 11. exd5 Nxd5 12. Ng3 Nf4 13. Bxe6 fxe6 14. Bxf4 exf4 15. Ne4 Bb6 16. O-O a5 17. Qe2 Qd5 18. Ned2 Rfe8 19. Nc4 Bc5 20. Rfe1 Rad8 21. d4 Bf8 22. Nce5 Nxe5 23. Qxe5 Bd6 24. Qe2 c5 25. Rad1 cxd4 26. Rxd4 Qc6 27. Rc4 Qa6 28. Nd4 e5 29. Nb5 Bb8 30. Rc5 e4 31. Qc4+ Kh8 32. Na3 Qg6 33. Nc2 f3 34. g4 Qd6 0-1


[Site "https://www.chess.com"]

[Event "Titled Tuesday Blitz March 01 Early 2022"]
[White "Tasev, Dejan"]
[Black "Rangel, Daniel"]
[WhiteFideId "936618"]
[BlackFideId "2124475"]
[WhiteElo "2253"]
[BlackElo "2187"]
[Result "1/2-1/2"]
[Round "11"]
[TimeControl "180+1"]
[Date "2022.03.01"]
[WhiteClock "0:00:38"]
[BlackClock "0:00:09"]

1. e4 c6 2. d4 d5 3. Nc3 dxe4 4. Nxe4 Nf6 5. Nxf6+ exf6 6. c3 Bd6 7. Bd3 O-O 8. Qc2 Re8+ 9. Ne2 h5 10. h3 h4 11. Bd2 Nd7 12. O-O-O Nf8 13. g3 hxg3 14. Nxg3 Bxg3 15. fxg3 Be6 16. Kb1 Qd5 17. c4 Qxd4 18. Bc3 Qc5 19. g4 Bxc4 20. g5 Bxd3 21. Rxd3 fxg5 22. h4 g4 23. h5 Qf5 24. h6 gxh6 25. Rxh6 Ng6 26. Rd4 Qxc2+ 27. Kxc2 g3 28. Rg4 Re2+ 29. Kd3 Rh2 30. Rhxg6+ fxg6 31. Rxg6+ Kf7 32. Rg7+ Ke6 33. Rxg3 Rd8+ 34. Kc4 Rh4+ 35. Kb3 Rd7 36. Rg6+ Kf5 37. Rg1 Re4 38. Rf1+ Ke6 39. Rf6+ Ke7 40. Rh6 Kd8 41. a3 Kc7 42. Rg6 b6 43. Rh6 Kb7 44. Rg6 a5 45. a4 Rf4 46. Rh6 Rf5 47. Re6 Rfd5 48. Rg6 Rc7 49. Rh6 Ka6 50. Rh8 b5 51. axb5+ Rxb5+ 52. Ka4 Kb7 53. Bxa5 Rd7 54. b4 Rd1 55. Rh7+ Kb8 56. Bc7+ Kc8 57. Bg3 Ra1+ 58. Kb3 Rb1+ 59. Kc3 R1xb4 60. Rh8+ Kb7 61. Bd6 Rb3+ 62. Kc4 Rf3 63. Rb8+ Ka7 64. Re8 Rff5 65. Re7+ Ka6 66. Re8 Rfd5 67. Bf4 Rbc5+ 68. Kb4 Rb5+ 69. Kc4 Kb6 70. Be3+ Kc7 71. Bf4+ Kd7 72. Rh8 Rdc5+ 73. Kd4 Rd5+ 74. Kc4 Rf5 75. Be3 Rbe5 76. Bd4 Ke6 77. Rh6+ Rf6 78. Rxf6+ Kxf6 79. Bxe5+ Kxe5 80. Kc5 Ke4 81. Kxc6 1/2-1/2


[Site "https://www.chess.com"]

[Event "Titled Tuesday Blitz March 01 Early 2022"]
[White "Thomas, Anysia"]
[Black "Krylov, Ivan"]
[WhiteFideId "670472"]
[BlackFideId "24128066"]
[WhiteElo "2002"]
[BlackElo "2258"]
[Result "1/2-1/2"]
[Round "11"]
[TimeControl "180+1"]
[Date "2022.03.01"]
[WhiteClock "0:00:08"]
[BlackClock "0:00:14"]

1. d4 d5 2. c4 e6 3. Nf3 Nf6 4. g3 Bb4+ 5. Bd2 Be7 6. Bg2 O-O 7. O-O b6 8. Qc2 Bb7 9. Rd1 Nbd7 10. cxd5 Bxd5 11. Nc3 Bb7 12. Bf4 Qc8 13. Nb5 Nd5 14. Rac1 c5 15. Nd6 Bxd6 16. Bxd6 Re8 17. dxc5 Nxc5 18. Bxc5 bxc5 19. Qxc5 Qxc5 20. Rxc5 Ba6 21. e3 Rac8 22. Rdc1 Rxc5 23. Rxc5 Rc8 24. Rxc8+ Bxc8 25. Ne5 Kf8 26. Nc6 a6 27. a3 Bb7 28. Nb4 a5 29. Nxd5 exd5 30. Kf1 Ke7 31. Ke2 Kd6 32. Kd3 Ba6+ 33. Kd4 Bc4 34. f4 f6 35. Bf3 Bb3 36. Kc3 a4 37. Kd4 Ke6 38. Be2 Kd6 39. Bd3 g6 40. h3 f5 41. g4 fxg4 42. hxg4 h5 43. gxh5 gxh5 44. Be2 h4 45. Bg4 Bc2 46. Bh3 Be4 47. f5 Ke7 48. Ke5 Kf7 49. f6 Bf3 50. Be6+ Kf8 51. Bh3 Be4 52. Ke6 Bf3 53. f7 Be4 54. Kf6 Bf3 55. Kg5 Kxf7 56. Kxh4 Be4 57. Kg3 Kf6 58. Kf4 Ke7 59. Bg4 Kd6 60. Bh5 Bc2 61. Bf7 Be4 62. Be8 Bc2 63. Bf7 Be4 64. Bg8 Bc2 65. Bf7 1/2-1/2


[Site "https://www.chess.com"]

[Event "Titled Tuesday Blitz March 01 Early 2022"]
[White "Timofeev, Artyom"]
[Black "Horobetz, Graham"]
[WhiteFideId "4140419"]
[BlackFideId "2047322"]
[WhiteElo "2583"]
[BlackElo "2646"]
[Result "1/2-1/2"]
[Round "11"]
[TimeControl "180+1"]
[Date "2022.03.01"]
[WhiteClock "0:00:12"]
[BlackClock "0:00:08"]

1. c4 c5 2. Nf3 g6 3. d4 cxd4 4. Nxd4 Bg7 5. g3 Nc6 6. Nf3 Nf6 7. Bg2 d5 8. cxd5 Qxd5 9. O-O O-O 10. Nc3 Qh5 11. Qa4 Bh3 12. Qh4 Qxh4 13. Nxh4 Bxg2 14. Kxg2 Rfd8 15. Nf3 Nd5 16. Ne4 b6 17. a3 Na5 18. Rb1 Nb3 19. Ned2 Nxc1 20. Rfxc1 Rac8 21. e4 Nf6 22. Kf1 Rxc1+ 23. Rxc1 Bh6 24. Rc2 Bxd2 25. Nxd2 Rd7 26. Ke2 Kg7 27. f3 Ne8 28. Ke3 Nd6 29. a4 Nb7 30. Nb3 f6 31. f4 Kf7 32. h4 h5 33. Rd2 Nd6 34. Rc2 f5 35. Nd2 fxe4 36. Nxe4 Nf5+ 37. Kf2 Rd4 38. Ng5+ Ke8 39. Rc6 Nd6 40. b3 Rd3 41. Rc7 a5 42. Nf3 Kd8 43. Ra7 Rxb3 44. Ne5 Ne4+ 45. Ke1 Nxg3 46. Nc6+ Ke8 47. Rxe7+ Kf8 48. Re6 Nf5 49. Rxg6 Nxh4 50. Rh6 Ng2+ 51. Kf2 Rb2+ 52. Kf3 Kg7 53. Rxh5 Ne1+ 54. Ke4 Re2+ 55. Kf5 Nf3 56. Ne5 Nd4+ 57. Kg4 Rg2+ 58. Kh3 Rf2 59. Kg3 Rf1 60. Rg5+ Kf6 61. Rg6+ Kf5 62. Rxb6 Ne2+ 63. Kg2 Rxf4 64. Nc6 Nd4 65. Nxd4+ Rxd4 66. Rb5+ Ke6 67. Rxa5 Kd6 68. Kf3 Kc6 69. Ke3 Rd1 70. Ra8 Kb7 71. Rh8 Kb6 72. Rh5 Ra1 73. Rb5+ Ka6 74. Rb4 Ka5 75. Rd4 Ra3+ 76. Kd2 Rxa4 77. Rxa4+ Kxa4 1/2-1/2


[Site "https://www.chess.com"]

[Event "Titled Tuesday Blitz March 01 Early 2022"]
[White "Todorovic, Bojan"]
[Black "Muhammed, Shuaau"]
[WhiteFideId "917087"]
[BlackFideId "16700406"]
[WhiteElo "2266"]
[BlackElo "1674"]
[Result "1-0"]
[Round "11"]
[TimeControl "180+1"]
[Date "2022.03.01"]
[WhiteClock "0:00:41"]
[BlackClock "0:01:03"]

1. d4 e6 2. c4 d5 3. Nc3 Nf6 4. cxd5 exd5 5. Bg5 Nbd7 6. e3 c6 7. Qc2 Be7 8. Bd3 h6 9. Bf4 Nh5 10. Be5 O-O 11. Nge2 Nxe5 12. dxe5 g6 13. O-O-O Ng7 14. e4 d4 15. Bc4 c5 16. Nd5 a6 17. a3 b5 18. Ba2 Bb7 19. f4 Ne6 20. f5 Nc7 21. f6 Nxd5 22. exd5 Bxf6 23. exf6 Bxd5 24. Bxd5 Qxd5 25. Kb1 Rfd8 26. Nf4 Qg5 27. g3 c4 28. Qe4 Qxf6 29. Nd5 Qe6 30. Qxd4 Kf8 31. Qh8# 1-0


[Site "https://www.chess.com"]

[Event "Titled Tuesday Blitz March 01 Early 2022"]
[White "Tsvetkov, Andrey"]
[Black "Jones, Gawain C B"]
[WhiteFideId "34139360"]
[BlackFideId "409561"]
[WhiteElo "2280"]
[BlackElo "2657"]
[Result "0-1"]
[Round "11"]
[TimeControl "180+1"]
[Date "2022.03.01"]
[WhiteClock "0:00:02"]
[BlackClock "0:00:08"]

1. d4 Nf6 2. c4 e6 3. Nc3 Bb4 4. e3 O-O 5. Nf3 d5 6. Bd2 c5 7. cxd5 cxd4 8. Nxd4 Nxd5 9. Rc1 e5 10. Nf3 Nxc3 11. Bxc3 Bxc3+ 12. Rxc3 Qa5 13. Bc4 Nc6 14. O-O Bg4 15. h3 Rad8 16. Rd3 e4 17. Rd5 exf3 18. hxg4 Qb4 19. Qc2 fxg2 20. Rfd1 Rxd5 21. Rxd5 Qe1+ 22. Kxg2 Nb4 23. Qd2 Qxd2 24. Rxd2 Nc6 25. Rd7 Ne5 26. Rc7 Nxc4 27. Rxc4 Rb8 28. Rc7 Kf8 29. f4 a5 30. Kf3 a4 31. e4 b5 32. e5 Rd8 33. Rb7 Rd5 34. Ke4 Rc5 35. f5 Rc4+ 36. Kd5 Rxg4 37. Rxb5 Rg2 38. Kd6 Rd2+ 39. Kc6 h5 40. Rb8+ Ke7 41. Rb7+ Ke8 42. Rb8+ Rd8 43. Rb4 Ra8 44. Rh4 g6 45. Kd5 Ra5+ 46. Ke4 Rb5 47. b3 Rb4+ 48. Kd5 Rxh4 49. f6 Rh2 50. e6 Rd2+ 0-1


[Site "https://www.chess.com"]

[Event "Titled Tuesday Blitz March 01 Early 2022"]
[White "Tymrakiewicz, Rafal"]
[Black "Alavkin, Arseny"]
[WhiteFideId "1108832"]
[BlackFideId "4120612"]
[WhiteElo "2205"]
[BlackElo "2391"]
[Result "1-0"]
[Round "11"]
[TimeControl "180+1"]
[Date "2022.03.01"]
[WhiteClock "0:00:04"]
[BlackClock "0:00:02"]

1. d4 Nf6 2. Bg5 c5 3. e3 d5 4. c3 Nc6 5. Nd2 Bf5 6. Qb3 Qd7 7. Ngf3 a6 8. a4 e6 9. Bxf6 gxf6 10. g3 Be7 11. Bg2 O-O 12. O-O c4 13. Qd1 b5 14. e4 Bxe4 15. Nxe4 dxe4 16. Nd2 f5 17. Re1 Kh8 18. f3 exf3 19. Nxf3 Rab8 20. axb5 axb5 21. Qe2 Bf6 22. Ra6 Rfc8 23. Rea1 b4 24. d5 exd5 25. Rc1 bxc3 26. bxc3 Rb3 27. Qd2 d4 28. Qh6 Bg7 29. Qh5 h6 30. Ng5 Kg8 31. Bxc6 Rxc6 32. Rxc6 hxg5 33. Rxc4 dxc3 34. Rd1 c2 35. Rxd7 Rb1+ 36. Kg2 c1=Q 37. Rxc1 Rxc1 38. Qxf7+ Kh7 39. Qxg7# 1-0


[Site "https://www.chess.com"]